 Dungeon Crawl Stone Soup version 0.31.0-4-g52a2dc7128 (console) character file.

Game seed: 10617418819644762093

315 AlterAsc the Changeling (level 6, -1/30 HPs)
             Began as a Spriggan Shapeshifter on Jan 21, 2024.
             Was an Initiate of Okawaru.
             Incinerated by a bombardier beetle (3 damage)
             ... with a burning spray
             ... on level 4 of the Dungeon.
             The game lasted 00:12:45 (3890 turns).

AlterAsc the Changeling (Spriggan Shapeshifter)     Turns: 3890, Time: 00:12:46

Health: -1/30      AC:  4    Str: 10    XL:     6   Next: 20%
Magic:  8/8        EV: 19    Int: 12    God:    Okawaru [......]
Gold:   266        SH:  0    Dex: 16    Spells: 5/7 levels left

rFire   . .          .
                       - Unarmed
rCold   . . .        (no shield)
rNeg    . . .        o - +2 robe {Will+}
rPois   .            (helmet currently unavailable)
rElec   .            (cloak currently unavailable)
rCorr   .            (gloves unavailable)
SInv    +            (boots unavailable)
Will    ++...        (no amulet)
Stlth   +            (no ring)
HPRegen 0.25/turn    (no ring)
MPRegen 0.11/turn

%: no passive effects
@: on fire, beast-form, hasted, glowing, very quick
A: beast (slay +3), very small, no large weapons, unfitting armour, see
invisible, speed 3
a: Begin Untransformation, Renounce Religion


You were on level 4 of the Dungeon.
You worshipped Okawaru.
Okawaru was noncommittal.
You were a hulking beast.
You visited 1 branch of the dungeon, and saw 5 of its levels.

You collected 266 gold pieces.

Inventory:

Armour
 a - a +0 animal skin
 o - a +2 robe of willpower (worn)
Talismans
 c - a beast talisman
 d - a flux talisman
 l - a maw talisman
Scrolls
 f - 2 scrolls of blinking {unknown}
 h - a scroll of noise {unknown}
 j - 2 scrolls of summoning {unknown}
 k - 2 scrolls of identify {unknown}
 m - a scroll of enchant armour {unknown}
 n - a scroll of teleportation {unknown}
 p - a scroll of enchant weapon {unknown}
 r - a scroll of fear {unknown}
Potions
 b - a potion of lignification
 e - a potion of enlightenment {unknown}
 g - a potion of magic {unknown}
 i - a potion of curing {unknown}
 q - a potion of haste


   Skills:
 - Level 2.0 Fighting
 + Level 4.8 Dodging
 - Level 3.0 Unarmed Combat
 - Level 1.0 Spellcasting
 + Level 2.6 Translocations
 * Level 6.0 Shapeshifting


You had 5 spell levels left.
You knew the following spells:

 Your Spells              Type           Power      Damage    Failure   Level
a - Blink                 Tloc           12%        N/A       16%         2

Your spell library contained the following spells:

 Spells                   Type           Power      Damage    Failure   Level
 Lesser Beckoning         Tloc           12%        N/A       16%         2
 Momentum Strike          Conj/Tloc      6%         3d8       26%         2
 Ensorcelled Hibernation  Hex/Ice        0%         N/A       41%         2
 Volatile Blastmotes      Fire/Tloc      6%         2d10      47%         3
 Dazzling Flash           Conj/Hex       0%         N/A       65%         3
 Passwall                 Erth           0%         N/A       65%         3
 Swiftness                Air            0%         N/A       65%         3
 Starburst                Conj/Fire      0%         6d3       100%        6
 Maxwell's Capacitive Co  Air            0%         ∞         100%        8


Dungeon Overview and Level Annotations

Branches:
Dungeon (5/15)
 Temple: D:4-7

Altars:
Dithmenos
Okawaru
Qazlal
Trog
Vehumet
Wu Jian
Xom
The Shining One

Shops:
D:2 ?   D:3 (

Annotations:
D:4 2 exclusions
D:5 2 exclusions, Edmund


Innate Abilities, Weirdness & Mutations

You are a hulking beast.
Your limbs bulge with bestial killing power. (Slay +3)
You are very small and have problems with some larger weapons.
You are too small for most types of armour.
You have supernaturally acute eyesight. (SInv)
You cover ground extremely quickly. (Speed+++)


Message History

The bombardier beetle misses you.
You completely miss the bombardier beetle.
You punch the bombardier beetle.
The bombardier beetle is moderately wounded.
The bombardier beetle barely misses you.
You punch the bombardier beetle!
The bombardier beetle is severely wounded.
You barely miss the bombardier beetle.
The bombardier beetle is severely wounded.
The bombardier beetle barely misses you.
You barely miss the bombardier beetle.
Your punch misses the bombardier beetle.
The bombardier beetle is severely wounded.
You hit the bombardier beetle.
The bombardier beetle is almost dead.
The bombardier beetle sprays incendiary fluid at you.
The burning spray hits you.
You are covered in liquid fire!
You hit the bombardier beetle.
You kill the bombardier beetle!
Okawaru accepts your kill. The liquid fire burns you!
Your Shapeshifting skill increases to level 6!
You are on fire!
You are on fire!
You are on fire!
The liquid fire burns you! The liquid fire burns you!
The liquid fire burns you!
Okay, then.
The liquid fire burns you! The liquid fire burns you!
The liquid fire burns you! The liquid fire burns you!
* * * LOW HITPOINT WARNING * * *
The liquid fire burns you!
* * * LOW HITPOINT WARNING * * *
It was a potion of haste.
You feel yourself speed up. The liquid fire burns you!
You die...

......................
#.....................
......<..............#
...................#.##
.##................#..#
##.........#.>.....(#
#..........#........#
.##...B.....?........##
......................##
.......................#
....#...........h.........
....##..............##.....
.... ...............# .....
... ................# .....
?. ...........###...# ....
.....$...... ##..#
....B.....$ ..# ....... ...


There were no monsters in sight!

Vanquished Creatures
  2 bombardier beetles
  An orc priest (D:5)
  An orc wizard (D:3)
  3 gnolls (D:5)
  6 adders
  A shadow imp (D:5)
  A dart slug (D:4)
  3 ribbon worms (D:2)
  14 orcs
  3 endoplasms
  A giant cockroach (D:1)
  6 goblins
  7 hobgoblins
  4 jackals (D:1)
  2 quokkas (D:1)
  7 ball pythons
  3 bats
  5 frilled lizards
  3 kobolds (D:1)
  9 rats
82 creatures vanquished.

Notes
Turn   | Place    | Note
-------+----------+-------------------------------------------
     0 | D:1      | AlterAsc the Spriggan Shapeshifter began the quest for the
                  | Orb.
     0 | D:1      | Reached XP level 1. HP: 9/9 MP: 2/2
    75 | D:1      | Reached skill level 1 in Fighting
    80 | D:1      | Reached XP level 2. HP: 10/14 MP: 3/3
   444 | D:1      | Found a faded altar of an unknown god.
   474 | D:1      | Reached XP level 3. HP: 18/18 MP: 4/4
  1506 | D:2      | Noticed an ogre
  1530 | D:2      | Reached XP level 4. HP: 23/23 MP: 5/5
  1544 | D:2      | Found Kofaps's Magic Scroll Boutique.
  1595 | D:2      | Identified the +0 leather armour "Mudog" {*Corrode rElec
                  | Int+5 Stlth+}
  2090 | D:3      | Learned a level 2 spell: Blink
  2100 | D:3      | Found Rojad's Weapon Shoppe.
  2156 | D:3      | Found an ornate altar of the Wu Jian Council.
  2238 | D:3      | Found an iron altar of Okawaru.
  2253 | D:3      | Became a worshipper of Warmaster Okawaru
  2294 | D:3      | Found a shadowy altar of Dithmenos.
  2641 | D:3      | Reached skill level 1 in Translocations
  2641 | D:3      | Reached skill level 5 in Shapeshifting
  2641 | D:3      | Reached XP level 5. HP: 12/26 MP: 6/6
  2953 | D:4      | Noticed an ogre
  3046 | D:4      | Found a shimmering altar of Xom.
  3050 | D:4      | Found a radiant altar of Vehumet.
  3052 | D:4      | Found a bloodstained altar of Trog.
  3052 | D:4      | Found a stormy altar of Qazlal.
  3058 | D:4      | Found a glowing golden altar of the Shining One.
  3096 | D:4      | Reached skill level 1 in Spellcasting
  3209 | D:5      | Entered Level 5 of the Dungeon
  3658 | D:5      | Reached XP level 6. HP: 6/30 MP: 8/8
  3814 | D:5      | Noticed Edmund
  3882 | D:4      | Reached skill level 6 in Shapeshifting
  3890 | D:4      | Incinerated by a bombardier beetle

Illustrated notes

Levels and vault maps discovered:
D:1:      minmay_arrival_doors, layout_rooms,
          shapermc_ecumenical_altar_mp_highgroup
D:2:      layout_basic, serial_shops, shop
D:3:      layout_loops_cross, mainiacjoe_overflow_paths,
          pdpol_wu_jian_five_deadly_venoms, pf_just_have_faith, serial_shops,
          shop
D:4:      layout_cave_pools, nicolae_overflow_hallway_of_the_gods
D:5:      layout_basic, minmay_temple_entry_purple_smoke, uniq_edmund,
          uniq_grinder

Skill      XL: |  1  2  3  4  5  6 |
---------------+-------------------+-----
Fighting       | 1 2 |  2.0
Dodging        | 3 4 |  4.8
Unarmed Combat | 3 |  3.0
Translocations | 1 2 |  2.6
Shapeshifting  | 5 6 |  6.0
Spellcasting   | 1 |  1.0

Action                     |  1- 3 |  4- 6 || total
---------------------------+-------+-------++-------
  Melee: Unarmed           |   159 |   152 ||   311
         Punch             |     3 |     6 ||     9
  Throw: Stone             |    11 |    12 ||    23
    Use: Potion            |       |     1 ||     1
   Stab: Sleeping          |     1 |     4 ||     5
 Armour: Animal skin       |    46 |    17 ||    63
         Robe              |       |    22 ||    22
  Dodge: Dodged            |   102 |    98 ||   200
